 Dungeon Crawl Stone Soup version 0.31-a0-151-ge443d1f16c (webtiles) character file.

Game seed: 6292736772395186681

11938 qw the Skirmisher (level 11, -1/72 HPs)
             Began as a Gargoyle Hunter on June 8, 2023.
             Was a Priest of Okawaru.
             Slain by a demonic crawler (2 damage)
             ... on level 3 of the Lair of Beasts.
             The game lasted 00:04:31 (9193 turns).

qw the Skirmisher (Gargoyle Hunter)                 Turns: 9193, Time: 00:04:31

Health: -1/72      AC: 22    Str: 15    XL:     11   Next: 85%
Magic:  13/15      EV: 17    Int: 10    God:    Okawaru [***...]
Gold:   754        SH:  0    Dex: 17    Spells: 10/10 levels left

rFire   + . .        Y - +1 orcbow
rCold   + . .        (shield currently unavailable)
rNeg    + . .        h - +3 leather armour {rF+}
rPois   inf          d - +0 helmet
rElec   +            n - +0 cloak
rCorr   +            q - +0 pair of gloves
SInv    .            g - +2 pair of boots
Will    .....        l - amulet of regeneration
Stlth   +++          a - ring of protection from cold
HPRegen 1.12/turn    p - ring of resist corrosion
MPRegen 0.14/turn

%: no passive effects
@: about to teleport, heroic
A: sickness immunity, AC +8, negative energy resistance 1, electricity
resistance, torment resistance 1, petrification resistance
a: Renounce Religion, Heroism


You were on level 3 of the Lair of Beasts.
You worshipped Okawaru.
Okawaru was most pleased with you.
You visited 2 branches of the dungeon, and saw 11 of its levels.

You collected 754 gold pieces.


Innate Abilities, Weirdness & Mutations

You are immune to sickness and miasma.
Your stone body is resilient. (AC +8)
You are immune to poison.
You resist negative energy. (rN+)
You are resistant to electric shocks. (rElec)
You are resistant to unholy torment.
You are immune to petrification.


   Skills:
 - Level 10.0(15.0) Fighting
 + Level 14.5(19.5) Ranged Weapons
 - Level 4.0(9.0) Armour
 - Level 4.1(9.1) Dodging
 - Level 1.1(6.1) Stealth
 - Level 6.0 Invocations


You had 10 spell levels left.
You didn't know any spells.
Your spell library was empty.

Inventory:

Hand Weapons
 Y - a +1 orcbow (weapon)
Armour
 d - a +0 helmet (worn)
 g - a +2 pair of boots (worn)
 h - a +3 leather armour of fire resistance (worn)
 n - a +0 cloak (worn)
 q - a +0 pair of gloves (worn)
Jewellery
 a - a ring of protection from cold (left hand)
 l - an amulet of regeneration (around neck)
 p - a ring of resist corrosion (right hand)
Wands
 k - a wand of digging (5)
Scrolls
 b - a scroll of teleportation
 i - a scroll of identify
Potions
 c - a potion of resistance
 f - a potion of curing
 j - a potion of cancellation
 m - a potion of brilliance {unknown}
 s - 2 potions of might

Dungeon Overview and Level Annotations

Branches:
Dungeon (8/15)             Temple (0/1) D:7            Lair (3/5) D:8
  Swamp (0/4) Lair:2       Spider (0/4) Lair:3

Altars:
Dithmenos
Gozag
Hepliaklqana
Kikubaaqudgha
Nemelex Xobeh
Okawaru
Ru
Vehumet
Yredelemnul

Shops:
D:1 (   D:2 :   D:4 :   D:7 [

Annotations:
D:4 1 runed translucent door, Crazy Yiuf
D:6 1 runed translucent door


Message History

You shoot an arrow.
The arrow hits the demonic crawler but does no damage.
The demonic crawler misses you. x2
The demonic crawler hits you but does no damage.
You shoot an arrow. The arrow hits the demonic crawler.
The demonic crawler is lightly wounded.
The demonic crawler hits you. The demonic crawler hits you!
The demonic crawler barely misses you.
You shoot an arrow. The arrow hits the demonic crawler.
The demonic crawler is lightly wounded.
The demonic crawler hits you but does no damage.
The demonic crawler closely misses you.
The demonic crawler hits you but does no damage.
You shoot an arrow. The arrow hits the demonic crawler!
The demonic crawler is moderately wounded.
The demonic crawler closely misses you. x2
The demonic crawler barely misses you.
You shoot an arrow. The arrow hits the demonic crawler!
The demonic crawler is moderately wounded.
You feel like a meek peon again.
The demonic crawler hits you but does no damage.
The demonic crawler hits you!
The demonic crawler hits you but does no damage.
9190 ||| INVOKING Heroism.
You gain the combat prowess of a mighty hero.
The demonic crawler hits you! x2
The demonic crawler hits you but does no damage.
9191 ||| READING 2 scrolls of teleportation.
As you read the scroll of teleportation, it crumbles to dust.
You feel strangely unstable.
The demonic crawler completely misses you.
The demonic crawler misses you. x2
You shoot an arrow.
The arrow completely misses the demonic crawler.
The demonic crawler completely misses you.
The demonic crawler misses you. The demonic crawler closely misses you.
You shoot an arrow.
The arrow barely misses the demonic crawler.
The demonic crawler hits you. x2
You die...

############ ##........... # #
#....@.......######### ###
#.#####.....s......#.#.#.#P#
#.####...........................
........#.....#..................
....s..###...##..................
....sw.#......##.........##...##P
...ws...#....##.........#.#...###
.##........>.........##.........#
..#.....#.....%......###.......#.


You could see a demonic crawler.

Vanquished Creatures
  A hydra (Lair:3)
  A skyshark (Lair:2)
  Pikel (D:6)
  4 cane toads
  2 komodo dragons
  Grinder (D:3)
  5 blink frogs (Lair:2)
  Sigmund (D:3)
  5 yaks (Lair:3)
  Eustachio (D:6)
  2 wyverns
  6 fire bats (Lair:3)
  4 basilisks
  Edmund (D:4)
  5 water moccasins
  3 ice beasts
  2 orc warriors
  4 black bears
  3 ogres
  A centaur (D:6)
  6 wolves
  2 lemures (D:6)
  2 kobold brigands (D:7)
  A gnoll sergeant (D:7)
  11 bullfrogs
  8 scorpions
  3 electric eels (Lair:3)
  2 howler monkeys
  2 vampire bats (D:4)
  3 lava snakes (Lair:3)
  2 hounds (D:5)
  3 jellies
  3 orc priests
  Jessica (D:2)
  Ijyb (D:4)
  Natasha (thrice) (D:2)
  5 iguanas
  7 orc wizards
  Robin (D:3)
  3 adders
  5 gnolls (D:7)
  2 white imps (D:7)
  An ufetubus (D:6)
  2 dart slugs (D:2)
  5 worms
  20 orcs
  6 ball pythons
  2 bat skeletons (D:4)
  2 bat zombies (D:4)
  6 endoplasms
  6 giant cockroaches
  11 goblins
  17 hobgoblins
  10 jackals
  12 kobolds
  2 quokkas
  9 bats
  2 frilled lizards
  4 rats
246 creatures vanquished.

Vanquished Creatures (others)
  An orc wizard (D:3)
  2 goblins (D:3)
3 creatures vanquished.

Grand Total: 249 creatures vanquished

Notes
Turn   | Place    | Note
-------+----------+-------------------------------------------
     0 | D:1      | qw the Gargoyle Hunter began the quest for the Orb.
     0 | D:1      | Reached XP level 1. HP: 12/12 MP: 1/1
     0 | D:1      | 0 ||| qw: Version: 0.2-a-120-gdf1a93b
     0 | D:1      | 0 ||| qw: Game counter: 3092
     0 | D:1      | 0 ||| qw: Always use a shield: true
     0 | D:1      | 0 ||| qw: God list: Okawaru
     0 | D:1      | 0 ||| qw: Allow faded altars: false
     0 | D:1      | 0 ||| qw: Do Orc after D:15 true
     0 | D:1      | 0 ||| qw: Do second Lair branch before Depths: true
     0 | D:1      | 0 ||| qw: Lair rune preference: random
     0 | D:1      | 0 ||| qw: Plans: Normal
     0 | D:1      | 0 ||| PLANNING D:1-11
    53 | D:1      | Found Unetiurch's Weapon Emporium.
    64 | D:1      | 64 ||| SHOPLISTING +5 sling of Autumn {elec, Str+2} (558
                  | gold, have 20).
   459 | D:1      | Reached XP level 2. HP: 17/17 MP: 2/2
   856 | D:1      | 856 ||| UPGRADING to +0 ring mail.
   866 | D:1      | 866 ||| DROPPING +0 leather armour.
   867 | D:1      | 867 ||| UPGRADING to amulet of regeneration.
   872 | D:1      | 872 ||| READING scroll labelled KANGIT JEMUEGISO.
   873 | D:1      | 873 ||| READING 2 scrolls labelled MASTRO QIQUDEHU.
   874 | D:1      | 874 ||| READING scroll labelled FOITHRE TIAH.
   877 | D:1      | 877 ||| READING scroll labelled NINYOSTR WEJUIS.
   878 | D:1      | 878 ||| DROPPING scroll of butterflies.
   936 | D:2      | Noticed Natasha
   942 | D:2      | Reached XP level 3. HP: 15/21 MP: 3/3
   947 | D:2      | Killed Natasha
   981 | D:2      | Noticed Natasha
   987 | D:2      | Killed Natasha
   988 | D:2      | Reached skill level 5 in Ranged Weapons
   988 | D:2      | Reached XP level 4. HP: 26/26 MP: 4/4
   990 | D:2      | Noticed Natasha
   995 | D:2      | 995 ||| Stepping ~*~*~tactically~*~*~ (outnumbered).
  1007 | D:2      | Killed Natasha
  1011 | D:2      | Found Qougoff's Vocational Training.
  1101 | D:2      | Noticed Jessica
  1104 | D:2      | 1104 ||| FLEEEEING.
  1105 | D:2      | 1105 ||| FLEEEEING.
  1106 | D:2      | 1106 ||| FLEEEEING.
  1107 | D:2      | 1107 ||| FLEEEEING.
  1108 | D:2      | 1108 ||| FLEEEEING.
  1120 | D:2      | Killed Jessica
  1121 | D:2      | Reached skill level 3 in Fighting
  1121 | D:2      | Reached XP level 5. HP: 32/32 MP: 5/5
  1352 | D:2      | Found a shadowy altar of Dithmenos.
  1491 | D:2      | 1491 ||| UPGRADING to ring of protection from cold.
  1492 | D:2      | 1492 ||| READING scroll labelled HEPTOI AWNU.
  1493 | D:2      | 1493 ||| READING scroll labelled POICERU JAUXA.
  1494 | D:2      | 1494 ||| DRINKING 2 sedimented blue potions.
  1541 | D:2      | 1541 ||| READING 2 scrolls of identify.
  1541 | D:2      | 1541 ||| IDENTIFYING fizzy brown potion
  1542 | D:2      | 1542 ||| DROPPING potion of lignification.
  1543 | D:2      | 1543 ||| DROPPING potion of enlightenment.
  1563 | D:3      | Noticed Grinder
  1565 | D:3      | Paralysed by Grinder for 4 turns
  1577 | D:3      | Killed Grinder
  1578 | D:3      | Reached skill level 6 in Ranged Weapons
  1578 | D:3      | Reached XP level 6. HP: 20/37 MP: 6/6
  1679 | D:3      | Found an iron altar of Okawaru.
  1680 | D:3      | 1680 ||| PLANNING OKAWARU WORSHIP
  1680 | D:3      | 1680 ||| READING scroll labelled ZAJASIUTHRE.
  1681 | D:3      | 1681 ||| READING 2 scrolls of identify.
  1681 | D:3      | 1681 ||| IDENTIFYING bubbling golden potion
  1699 | D:3      | Noticed Robin
  1703 | D:3      | Became a worshipper of Warmaster Okawaru
  1703 | D:3      | 1703 ||| PLANNING D:1-11
  1735 | D:3      | Killed Robin
  1901 | D:3      | Noticed Sigmund
  1906 | D:3      | Killed Sigmund
  1907 | D:3      | Reached skill level 7 in Ranged Weapons
  1907 | D:3      | Reached XP level 7. HP: 43/43 MP: 7/7
  2107 | D:3      | 2107 ||| Stepping ~*~*~tactically~*~*~ (outnumbered).
  2442 | D:3      | 2442 ||| UPGRADING to +0 helmet.
  2447 | D:3      | 2447 ||| UPGRADING to +0 pair of boots.
  2474 | D:4      | Found a radiant altar of Vehumet.
  2524 | D:4      | Found a basalt altar of Yredelemnul.
  2540 | D:4      | Reached skill level 8 in Ranged Weapons
  2585 | D:4      | Noticed Ijyb
  2589 | D:4      | Noticed Edmund
  2591 | D:4      | Killed Ijyb
  2602 | D:4      | Killed Edmund
  2610 | D:4      | Reached XP level 8. HP: 46/49 MP: 8/8
  2623 | D:4      | Found an ancient bone altar of Kikubaaqudgha.
  2715 | D:4      | Reached * piety under Okawaru
  2743 | D:4      | Found Cetuer's Book Shoppe.
  2910 | D:4      | Reached skill level 1 in Invocations
  2970 | D:4      | Found a runed translucent door.
  2971 | D:4      | Noticed Crazy Yiuf
  3064 | D:4      | 3064 ||| UPGRADING to ring of resist corrosion.
  3065 | D:4      | 3065 ||| READING scroll labelled CYRIG FOAC.
  3166 | D:4      | 3166 ||| DRINKING 2 purple potions.
  3188 | D:5      | Entered Level 5 of the Dungeon
  3188 | D:5      | Found an opulent altar of Gozag.
  3192 | D:5      | 3192 ||| INVOKING Heroism.
  3196 | D:5      | Reached skill level 9 in Ranged Weapons
  3322 | D:5      | 3322 ||| INVOKING Heroism.
  3325 | D:5      | Reached skill level 3 in Invocations
  3422 | D:5      | Found a sacrificial altar of Ru.
  3607 | D:5      | Found a sparkling altar of Nemelex Xobeh.
  3667 | D:5      | Reached skill level 6 in Fighting
  3707 | D:5      | 3707 ||| UPGRADING to +0 pair of gloves.
  3712 | D:5      | 3712 ||| READING scroll labelled ESOTHALEIT.
  3713 | D:5      | 3713 ||| READING scroll labelled NEALAXZ DEJI.
  3735 | D:6      | 3735 ||| INVOKING Heroism.
  3812 | D:6      | 3812 ||| INVOKING Heroism.
  3846 | D:6      | 3846 ||| SWAPPING to +0 orcbow.
  3847 | D:6      | 3847 ||| DROPPING +1 heavy shortbow.
  3881 | D:6      | Reached skill level 3 in Armour
  3917 | D:6      | 3917 ||| DRINKING 2 potions of curing.
  3917 | D:6      | 3917 ||| (to cure confusion)
  3918 | D:6      | 3918 ||| INVOKING Heroism.
  3922 | D:6      | Reached XP level 9. HP: 55/55 MP: 9/12
  3933 | D:6      | 3933 ||| DRINKING potion of curing.
  3933 | D:6      | 3933 ||| (to cure confusion)
  3988 | D:6      | 3988 ||| INVOKING Heroism.
  3996 | D:6      | Reached skill level 10 in Ranged Weapons
  4076 | D:6      | 4076 ||| INVOKING Heroism.
  4154 | D:6      | 4154 ||| INVOKING Heroism.
  4183 | D:6      | 4183 ||| FLEEEEING.
  4186 | D:6      | Noticed Eustachio
  4187 | D:6      | 4187 ||| INVOKING Heroism.
  4217 | D:6      | Killed Eustachio
  4218 | D:6      | 4218 ||| INVOKING Heroism.
  4352 | D:6      | Found a runed translucent door.
  4475 | D:6      | Noticed Pikel
  4476 | D:6      | 4476 ||| INVOKING Heroism.
  4492 | D:6      | Killed Pikel
  4493 | D:6      | Reached skill level 11 in Ranged Weapons
  4627 | D:6      | Found a hazy altar of Hepliaklqana.
  4728 | D:6      | 4728 ||| UPGRADING to +3 leather armour of fire resistance.
  4738 | D:6      | 4738 ||| DROPPING +0 ring mail.
  4739 | D:6      | 4739 ||| READING scroll labelled PEIXOK WULOVO.
  4740 | D:6      | 4740 ||| READING 3 scrolls of identify.
  4740 | D:6      | 4740 ||| IDENTIFYING lumpy green potion
  4741 | D:6      | 4741 ||| READING 2 scrolls of identify.
  4741 | D:6      | 4741 ||| IDENTIFYING bubbling emerald potion
  4742 | D:6      | 4742 ||| DROPPING potion of attraction.
  4743 | D:6      | 4743 ||| DROPPING potion of berserk rage.
  4783 | D:7      | Found Nucaib's Armour Boutique.
  4809 | D:7      | Reached ** piety under Okawaru
  4814 | D:7      | Found a staircase to the Ecumenical Temple.
  4895 | D:7      | Reached skill level 3 in Dodging
  4895 | D:7      | Reached XP level 10. HP: 63/63 MP: 13/13
  5160 | D:7      | 5160 ||| Stepping ~*~*~tactically~*~*~ (outnumbered).
  5162 | D:7      | 5162 ||| Stepping ~*~*~tactically~*~*~ (outnumbered).
  5163 | D:7      | 5163 ||| Stepping ~*~*~tactically~*~*~ (outnumbered).
  5176 | D:7      | 5176 ||| Stepping ~*~*~tactically~*~*~ (outnumbered).
  5208 | D:7      | 5208 ||| READING scroll of enchant weapon.
  5208 | D:7      | 5208 ||| ENCHANTING +0 orcbow.
  5213 | D:7      | 5213 ||| Stepping ~*~*~tactically~*~*~ (outnumbered).
  5228 | D:7      | 5228 ||| Stepping ~*~*~tactically~*~*~ (outnumbered).
  5680 | D:7      | 5680 ||| UPGRADING to +2 pair of boots.
  5690 | D:7      | 5690 ||| DROPPING +0 pair of boots.
  5691 | D:7      | 5691 ||| READING 2 scrolls of identify.
  5691 | D:7      | 5691 ||| IDENTIFYING lumpy cyan potion
  5766 | D:8      | Found a staircase to the Lair.
  5935 | D:8      | 5935 ||| INVOKING Heroism.
  6113 | D:8      | Identified the +4 chain mail of the Northern Lights {rC+}
  6360 | D:8      | 6360 ||| PLANNING LAIR
  6360 | D:8      | 6360 ||| DRINKING 2 white potions.
  6361 | D:8      | 6361 ||| DRINKING 3 black potions.
  6362 | D:8      | 6362 ||| READING 2 scrolls of identify.
  6362 | D:8      | 6362 ||| IDENTIFYING bubbling coppery potion
  6363 | D:8      | 6363 ||| DROPPING potion of degeneration.
  6379 | Lair:1   | Entered Level 1 of the Lair of Beasts
  6387 | Lair:1   | Noticed a cane toad
  6388 | Lair:1   | 6388 ||| INVOKING Heroism.
  6400 | Lair:1   | Killed a cane toad
  6506 | Lair:1   | Reached skill level 12 in Ranged Weapons
  6801 | Lair:1   | Noticed a cane toad
  6802 | Lair:1   | 6802 ||| INVOKING Heroism.
  6805 | Lair:1   | Killed a cane toad
  6949 | Lair:1   | Noticed a cane toad
  6950 | Lair:1   | 6950 ||| INVOKING Heroism.
  6966 | Lair:1   | Killed a cane toad
  6970 | Lair:1   | 6970 ||| INVOKING Heroism.
  7347 | Lair:1   | 7347 ||| UPGRADING to +0 cloak.
  7386 | Lair:2   | 7386 ||| INVOKING Heroism.
  7391 | Lair:2   | HP: 15/64 [komodo dragon (16)]
  7392 | Lair:2   | 7392 ||| READING 3 scrolls of teleportation.
  7393 | Lair:2   | 7393 ||| DRINKING potion of heal wounds.
  7457 | Lair:2   | Noticed a cane toad
  7458 | Lair:2   | 7458 ||| INVOKING Heroism.
  7468 | Lair:2   | Killed a cane toad
  7469 | Lair:2   | Reached skill level 13 in Ranged Weapons
  7487 | Lair:2   | 7487 ||| INVOKING Heroism.
  7519 | Lair:2   | Reached *** piety under Okawaru
  7520 | Lair:2   | Reached XP level 11. HP: 60/69 MP: 14/14
  7521 | Lair:2   | Reached skill level 9 in Fighting
  7523 | Lair:2   | 7523 ||| INVOKING Heroism.
  7704 | Lair:2   | Found a staircase to the Swamp.
  7720 | Lair:2   | 7720 ||| INVOKING Heroism.
  7753 | Lair:2   | Noticed a skyshark
  7769 | Lair:2   | 7769 ||| INVOKING Heroism.
  7770 | Lair:2   | Killed a skyshark
  8018 | Lair:2   | 8018 ||| INVOKING Heroism.
  8252 | Lair:2   | 8252 ||| READING scroll labelled POUCUA LOQA.
  8253 | Lair:2   | 8253 ||| READING scroll labelled EHYGUE VAMY.
  8289 | Lair:3   | Reached skill level 14 in Ranged Weapons
  8317 | Lair:3   | Noticed a seven-headed hydra
  8318 | Lair:3   | 8318 ||| INVOKING Heroism.
  8327 | Lair:3   | Killed a seven-headed hydra
  8335 | Lair:3   | Reached **** piety under Okawaru
  8519 | Lair:3   | 8519 ||| INVOKING Heroism.
  8574 | Lair:3   | 8574 ||| INVOKING Heroism.
  8655 | Lair:3   | 8655 ||| INVOKING Heroism.
  8683 | Lair:3   | 8683 ||| INVOKING Heroism.
  8764 | Lair:3   | Noticed a demonic crawler
  8765 | Lair:3   | 8765 ||| INVOKING Heroism.
  8781 | Lair:3   | HP: 17/72 [demonic crawler (14)]
  8782 | Lair:3   | 8782 ||| READING 3 scrolls of teleportation.
  8783 | Lair:3   | 8783 ||| DRINKING potion of heal wounds.
  9154 | Lair:3   | Reached skill level 6 in Invocations
  9155 | Lair:3   | Found a hole to the Spider Nest.
  9169 | Lair:3   | 9169 ||| INVOKING Heroism.
  9190 | Lair:3   | 9190 ||| INVOKING Heroism.
  9190 | Lair:3   | HP: 15/72 [demonic crawler (10)]
  9190 | Lair:3   | HP: 4/72 [demonic crawler (11)]
  9191 | Lair:3   | 9191 ||| READING 2 scrolls of teleportation.
  9193 | Lair:3   | HP: 1/72 [demonic crawler (6)]
  9193 | Lair:3   | Slain by a demonic crawler

Levels and vault maps discovered:
D:1:      eino_arrival_water_cross, layout_basic, serial_shops, shop
D:2:      layout_loops_ring, basic_altar, nicolae_shop_vocational, uniq_jessica,
          uniq_natasha
D:3:      minmay_angry_zag, layout_loops_cross, amcnicky_altar_gilded,
          grunt_ministairs_6, minmay_misc_feat_roman, serial_bayou_lake_a,
          uniq_sigmund, uniq_robin, uniq_grinder
D:4:      layout_basic, mainiacjoe_overflow_alcove_1, fiery_altar_vehumet,
          kennysheep_vampire_church, serial_shops, nicolae_shop_real_fake_doors,
          uniq_crazy_yiuf_cottage, uniq_ijyb, uniq_edmund
D:5:      layout_basic, nicolae_gozag_seed_capital,
          nemelex_diamond_rough_becter, nicolae_ru_great_annihilating_truth
D:6:      layout_cave_pods, mainiacjoe_overflow_chevrons,
          lightli_church_of_beogh, uniq_eustachio, uniq_pikel
D:7:      layout_basic, temple_fountains, serial_shops, shop
D:8:      layout_loops_cross, lair_entry_dummy
Lair:1:   layout_hall_layers, infiniplex_staircase_pool_2, grunt_megastairs_4
Lair:2:   layout_regular_city, swamp_mist_pool, serial_bayou_shore_b
Lair:3:   layout_gridlike, nicolae_spider_entry_non_spiders,
          nicolae_lair_liquid_snakes

Skill      XL: |  1  2  3  4  5  6  7  8  9 10 11 |
---------------+----------------------------------+-----
Armour         | 2 3 4 |  4.0
Ranged Weapons | 5 6 7 8 9 11 13 14 | 14.5
Fighting       | 3 4 5 6 7 8 10 | 10.0
Dodging        | 2 3 4 |  4.1
Invocations    | 4 6 |  6.0
Stealth        | |  1.1

Action                     |  1- 3 |  4- 6 |  7- 9 | 10-12 || total
---------------------------+-------+-------+-------+-------++-------
   Fire: Shortbow          |    70 |   112 |   160 |       ||   342
         Orcbow            |       |       |   190 |   558 ||   748
 Invoke: Heroism           |       |       |    11 |    20 ||    31
    Use: Scroll            |     4 |     5 |     6 |     8 ||    23
         Potion            |       |     1 |     3 |     4 ||     8
 Armour: Leather armour    |    13 |       |     4 |   177 ||   194
         Ring mail         |     5 |    48 |   141 |       ||   194
  Dodge: Dodged            |    23 |    54 |   205 |   272 ||   554

Table legend:
 A = Non-vault XP
 B = Vault XP
 C = Vault XP percentage of total XP
 D = Non-vault monster count
 E = Vault monster count
 F = Vault count percentage of total count
                 A         B        C        D         E       F
            +---------+---------+-------+---------+---------+-------
      Total |   14071 |    2984 |  17.5 |     191 |      52 |  21.4
            +---------+---------+-------+---------+---------+-------
        D:1 |      27 |       0 |   0.0 |      17 |       0 |   0.0
        D:2 |     108 |      72 |  40.0 |      20 |       2 |   9.1
        D:3 |     125 |     563 |  81.8 |      11 |      19 |  63.3
        D:4 |     386 |     310 |  44.5 |      24 |       8 |  25.0
        D:5 |     511 |      41 |   7.4 |      12 |       4 |  25.0
        D:6 |    1329 |     849 |  39.0 |      31 |       2 |   6.1
        D:7 |     957 |       0 |   0.0 |      25 |       0 |   0.0
        D:8 |     340 |       0 |   0.0 |       7 |       0 |   0.0
     Lair:1 |    2017 |     488 |  19.5 |       9 |       4 |  30.8
     Lair:2 |    4013 |       0 |   0.0 |      16 |       0 |   0.0
     Lair:3 |    4258 |     661 |  13.4 |      19 |      13 |  40.6
            +---------+---------+-------+---------+---------+-------
